 Dungeon Crawl Stone Soup version 0.23.0 (webtiles) character file.

Game seed: 11265761467034816739

94 tidbits the Charmwright (level 4, 20/38 HPs)
             Began as a Gnoll Skald on Feb 14, 2019.
             Quit the game on level 4 of the Dungeon.
             The game lasted 00:03:27 (362 turns).

tidbits the Charmwright (Gnoll Skald)                Turns: 362, Time: 00:03:28

Health: 20/38      AC:  3    Str: 13    XL:     4   Next: 63%
Magic:  8/11       EV: 14    Int: 16    God:
Gold:   34         SH:  0    Dex: 15    Spells: 2/13 levels left

rFire    . . .     SeeInvis .   a - +0 spear
rCold    . . .     Gourm    .   (no shield)
rNeg     . . .     Faith    .   b - +0 leather armour
rPois    .         Spirit   .   (no helmet)
rElec    .         Reflect  .   (no cloak)
rCorr    .         Harm     .   (no gloves)
MR       .....                  (no boots)
Stlth    ++........             (no amulet)
HPRegen  0.12/turn              (no ring)
MPRegen  0.12/turn              (no ring)

@: singing (expiring)
A: distributed training, fangs 1, strong nose
a: no special abilities


You were on level 4 of the Dungeon.
You were full.

You visited 1 branch of the dungeon, and saw 4 of its levels.

You collected 34 gold pieces.

Inventory:

Hand Weapons
 a - a +0 spear (weapon)
 e - a +0 dagger
Missiles
 g - 22 bolts
Armour
 b - a +0 leather armour (worn)
Scrolls
 c - a scroll of enchant weapon {unknown}
 h - a scroll of teleportation {unknown}
Potions
 f - a potion of brilliance {unknown}
 i - a potion of curing {unknown}
Comestibles
 d - 3 rations


   Skills:
 + Level 4.6 Fighting
 + Level 1.2 Short Blades
 + Level 1.2 Long Blades
 + Level 1.2 Axes
 + Level 1.2 Maces & Flails
 + Level 4.6 Polearms
 + Level 1.2 Staves
 + Level 1.2 Slings
 + Level 1.2 Bows
 + Level 1.2 Crossbows
 + Level 1.2 Throwing
 + Level 2.8 Armour
 + Level 4.6 Dodging
 + Level 1.2 Stealth
 + Level 1.2 Shields
 + Level 1.2 Unarmed Combat
 + Level 5.1 Spellcasting
 + Level 1.0 Conjurations
 + Level 1.0 Hexes
 + Level 5.5 Charms
 + Level 1.0 Summonings
 + Level 1.0 Necromancy
 + Level 1.0 Translocations
 + Level 1.0 Transmutations
 + Level 1.0 Fire Magic
 + Level 1.0 Ice Magic
 + Level 1.0 Air Magic
 + Level 1.0 Earth Magic
 + Level 1.0 Poison Magic
 + Level 1.3 Invocations
 + Level 1.2 Evocations


You had 2 spell levels left.
You knew the following spells:

 Your Spells              Type           Power        Failure   Level  Hunger
g - Shroud of Golubria    Chrm/Tloc      ##........   8%          2    #......
i - Infusion              Chrm           ###.         1%          1    None
r - Regeneration          Chrm/Necr      ##........   16%         3    ###....
w - Spectral Weapon       Hex/Chrm       ##......     16%         3    ###....
y - Song of Slaying       Chrm           ###.....     3%          2    #......

Your spell library contained the following spells:

 Spells                   Type           Power        Failure   Level  Hunger


Dungeon Overview and Level Annotations

Branches:
Dungeon (4/15)
 Temple: D:4-7

Altars:

Annotations:
D:2 exclusion: adder


Innate Abilities, Weirdness & Mutations

Your experience applies equally to all skills.
You have very sharp teeth.
Your uncanny sense of smell can sniff out nearby items.


Message History

Aim: a gnoll, wielding a +0 spear You reach to attack!
You hit the gnoll.
The gnoll is moderately wounded.
Your spectral weapon hits the gnoll from afar.
Attack whom?
Press: ? - help, Dir - move target cursor, f/p - gnoll
Aim: a gnoll, wielding a +0 spear (heavily wounded)
You reach to attack!
You hit the gnoll but do no damage.
The gnoll is heavily wounded.
Your spectral weapon hits the gnoll from afar!
You kill the gnoll!
Attack whom?
Press: ? - help, Dir - move target cursor, f - gnoll
Aim: a gnoll, wielding a +0 spear You reach to attack!
You hit the gnoll.
The gnoll is moderately wounded.
Your spectral weapon closely misses the gnoll.
The gnoll closely misses you.
Attack whom?
Press: ? - help, Dir - move target cursor, f/p - gnoll
Aim: a gnoll, wielding a +0 spear (moderately wounded)
You reach to attack!
You completely miss the gnoll.
The gnoll is moderately wounded.
Your spectral weapon hits the gnoll from afar.
The gnoll hits you from afar with a +0 spear.
Attack whom?
Press: ? - help, Dir - move target cursor, f/p - gnoll
Aim: a gnoll, wielding a +0 spear (heavily wounded)
You reach to attack!
You hit the gnoll.
The gnoll is severely wounded.
Your spectral weapon barely misses the gnoll.
Attack whom?
Press: ? - help, Dir - move target cursor, f/p - gnoll
Aim: a gnoll, wielding a +0 spear (severely wounded)
You reach to attack!
You hit the gnoll but do no damage.
The gnoll is severely wounded.
Your spectral weapon barely misses the gnoll.
The gnoll barely misses you.
Attack whom?
Press: ? - help, Dir - move target cursor, f/p - gnoll
Aim: a gnoll, wielding a +0 spear (severely wounded)
You reach to attack!
You hit the gnoll but do no damage.
The gnoll is severely wounded.
Your spectral weapon closely misses the gnoll.
The gnoll hits you from afar with a +0 spear.
* * * LOW HITPOINT WARNING * * *
Attack whom?
Press: ? - help, Dir - move target cursor, f/p - gnoll
Aim: a gnoll, wielding a +0 spear (severely wounded)
You reach to attack!
You hit the gnoll but do no damage.
The gnoll is severely wounded.
Your spectral weapon barely misses the gnoll.
The gnoll hits you but does no damage.
Attack whom?
Press: ? - help, Dir - move target cursor, f/p - gnoll
Aim: a gnoll, wielding a +0 spear (severely wounded)
You reach to attack!
You hit the gnoll but do no damage.
The gnoll is severely wounded.
Your spectral weapon barely misses the gnoll.
The gnoll barely misses you.
Attack whom?
Press: ? - help, Dir - move target cursor, f/p - gnoll
Aim: a gnoll, wielding a +0 spear (severely wounded)
You reach to attack!
You barely miss the gnoll.
The gnoll is severely wounded.
Your spectral weapon barely misses the gnoll.
The gnoll barely misses you.
Attack whom?
Press: ? - help, Dir - move target cursor, f/p - gnoll
Aim: a gnoll, wielding a +0 spear (severely wounded)
You reach to attack!
You hit the gnoll.
The gnoll is almost dead.
Your spectral weapon hits the gnoll from afar.
You kill the gnoll!
Your Conjurations skill increases to level 1!
Your Hexes skill increases to level 1!
Your Summonings skill increases to level 1!
Your Necromancy skill increases to level 1!
Your Translocations skill increases to level 1!
Your Transmutations skill increases to level 1!
Your Fire Magic skill increases to level 1!
Your Ice Magic skill increases to level 1!
Your Air Magic skill increases to level 1!
Your Earth Magic skill increases to level 1!
Your Poison Magic skill increases to level 1!
No target in view!
Things that are here:
a +0 spear x2
Unknown command.
Unknown command.
Unknown command.
Your spectral weapon fades away.
Found 17 gold pieces.
Your song is almost over.
You open the door.
You hear an angry hiss.
Unknown command.
There is an open door here.
Unknown command.
Are you sure you want to abandon this character and quit the game? (Confirm with "yes".)

.#..#.....#
.'..#.....#
.#..#.....#
.#..#)....#
.#..#.....# ∆
##.##)....# ###
.#.....## #..###
.#.....# #....# ...
.#.....# #..@.+ ....
#.....# #####'#.....
#.....####...........#
#................$...#
#....................#
∆
#....................#
#.........######.....#
#.........# .....#
#.....##### ......


There were no monsters in sight!

Vanquished Creatures
  A worker ant (D:4)
  3 gnolls (D:4)
  2 adders (D:3)
  A leopard gecko (D:2)
  A ball python (D:2)
  2 bats (D:2)
  A giant cockroach (D:3)
  3 goblins (D:2)
  2 hobgoblins (D:2)
  3 jackals (D:2)
  2 frilled lizards (D:2)
  A kobold (D:2)
  A rat (D:2)
23 creatures vanquished.

Notes
Turn   | Place    | Note
-------+----------+-------------------------------------------
     0 | D:1      | tidbits the Gnoll Skald began the quest for the Orb.
     0 | D:1      | Reached XP level 1. HP: 20/20 MP: 6/6
    50 | D:3      | Reached XP level 2. HP: 26/26 MP: 1/7
   166 | D:2      | Reached XP level 3. HP: 31/31 MP: 5/9
   170 | D:2      | Learned a level 2 spell: Song of Slaying
   173 | D:2      | Learned a level 2 spell: Shroud of Golubria
   185 | D:3      | Reached skill level 5 in Spellcasting
   223 | D:2      | Reached skill level 1 in Invocations
   228 | D:2      | Learned a level 3 spell: Regeneration
   232 | D:2      | Learned a level 3 spell: Spectral Weapon
   316 | D:4      | Reached skill level 1 in Short Blades
   316 | D:4      | Reached skill level 1 in Long Blades
   316 | D:4      | Reached skill level 1 in Axes
   316 | D:4      | Reached skill level 1 in Maces & Flails
   316 | D:4      | Reached skill level 1 in Staves
   316 | D:4      | Reached skill level 1 in Slings
   316 | D:4      | Reached skill level 1 in Bows
   316 | D:4      | Reached skill level 1 in Crossbows
   316 | D:4      | Reached skill level 1 in Throwing
   316 | D:4      | Reached skill level 1 in Stealth
   316 | D:4      | Reached skill level 1 in Shields
   316 | D:4      | Reached skill level 1 in Unarmed Combat
   316 | D:4      | Reached skill level 1 in Evocations
   316 | D:4      | Reached XP level 4. HP: 38/38 MP: 8/11
   343 | D:4      | Reached skill level 1 in Conjurations
   343 | D:4      | Reached skill level 1 in Hexes
   343 | D:4      | Reached skill level 1 in Summonings
   343 | D:4      | Reached skill level 1 in Necromancy
   343 | D:4      | Reached skill level 1 in Translocations
   343 | D:4      | Reached skill level 1 in Transmutations
   343 | D:4      | Reached skill level 1 in Fire Magic
   343 | D:4      | Reached skill level 1 in Ice Magic
   343 | D:4      | Reached skill level 1 in Air Magic
   343 | D:4      | Reached skill level 1 in Earth Magic
   343 | D:4      | Reached skill level 1 in Poison Magic
   362 | D:4      | Quit the game

Skill      XL: |  1  2  3  4 |
---------------+-------------+-----
Spellcasting   | 5 |  5.1
Invocations    | 1 |  1.3
Short Blades   | 1 |  1.2
Long Blades    | 1 |  1.2
Axes           | 1 |  1.2
Maces & Flails | 1 |  1.2
Staves         | 1 |  1.2
Slings         | 1 |  1.2
Bows           | 1 |  1.2
Crossbows      | 1 |  1.2
Throwing       | 1 |  1.2
Stealth        | 1 |  1.2
Shields        | 1 |  1.2
Unarmed Combat | 1 |  1.2
Evocations     | 1 |  1.2
Conjurations   | 1 |  1.0
Hexes          | 1 |  1.0
Summonings     | 1 |  1.0
Necromancy     | 1 |  1.0
Translocations | 1 |  1.0
Transmutations | 1 |  1.0
Fire Magic     | 1 |  1.0
Ice Magic      | 1 |  1.0
Air Magic      | 1 |  1.0
Earth Magic    | 1 |  1.0
Poison Magic   | 1 |  1.0
Fighting       | |  4.6
Polearms       | |  4.6
Armour         | |  2.8
Dodging        | |  4.6
Charms         | |  5.5

Action                   |  1- 3 |  4- 6 || total
-------------------------+-------+-------++-------
Melee: Spear             |    57 |    15 ||    72
       Bite              |     3 |       ||     3
 Cast: Infusion          |     4 |       ||     4
       Spectral Weapon   |     1 |     1 ||     2
       Song of Slaying   |       |     1 ||     1
 Stab: Sleeping          |     2 |       ||     2
  Eat: Ration            |       |     1 ||     1
Armor: Leather armour    |     6 |     1 ||     7
Dodge: Dodged            |    30 |     6 ||    36

Table legend:
 A = Turns spent in this place as a percentage of turns spent in the entire game.
 B = Non-inter-level travel turns spent in this place as a percentage of non-inter-level travel turns spent in the entire game.
 C = Inter-level travel turns spent in this place as a percentage of turns spent in this place.
 D = Turns resting spent in this place as a percentage of non-inter-level travel turns spent in this place.
 E = Turns spent auto-exploring this place as a percentage of non-inter-level travel turns spent in this place.
 F = Non-inter-level travel turns spent in this place divided by the number of levels of this place that you've seen.
                   A       B       C       D       E      F
               +-------+-------+-------+-------+-------+----------------------
         Total | 100.0 | 100.0 |   0.0 |   0.0 |   0.0 |  90.5
       Dungeon | 100.0 | 100.0 |   0.0 |   0.0 |   0.0 |  90.5
               +-------+-------+-------+-------+-------+----------------------

Table legend:
 A = Kills in this place as a percentage of kills in entire the game.
 B = Kills by you in this place as a percentage of kills by you in the entire game.
 C = Kills by friends in this place as a percentage of kills by friends in the entire game.
 D = Other kills in this place as a percentage of other kills in the entire game.
 E = Experience gained in this place as a percentage of experience gained in the entire game.
 F = Experience gained in this place divided by the number of levels of this place that you have seen.
                   A       B       C       D       E      F
               +-------+-------+-------+-------+-------+----------------------
         Total | 100.0 | 100.0 |   N/A |   N/A | 100.0 |  33.8
       Dungeon | 100.0 | 100.0 |   N/A |   N/A | 100.0 |  33.8
               +-------+-------+-------+-------+-------+----------------------

Levels and vault maps discovered:
D:1:      dpeg_arrival_connections, layout_loops_ring
D:2:      layout_basic, supply_closet_lemuel, minmay_hexomino_c4
D:3:      layout_loops_ring, first_ration, minmay_misc_feat_four_crosses,
          hangedman_decor_points, serial_bayou_pond_d
D:4:      layout_gridville, portal_sewer_entry_e
